Map: Chantier naval orbital

Players

Plutonun - Winner!

  • Race: Protoss Protoss
  • League: Silver

BulotAtomik

  • Race: Terran Terran

VOD

Have the link to the VOD?

Description

Time

  • Played on: Nov. 11, 2015, 10:59 a.m.
  • Length: 4:17
Show
View Real Time Build Order
Export as new Build Order

Plutonun Protoss - Winner!

Build Orders: Oracle Opening 

Get SALT Encoding   

  12  0:01  Probe (Chrono Boost)  
  13  0:12  Probe (Chrono Boost)  
  14  0:21  Pylon  
  14  0:22  Probe (Chrono Boost)  
  15  0:39  Probe (Chrono Boost), Gateway  
  16  0:49  Probe (Chrono Boost)  
  17  0:51  Assimilator  
  17  0:56  Assimilator  
  17  1:00  Probe (Chrono Boost)  
  18  1:10  Probe (Chrono Boost)  
  19  1:21  Probe (Chrono Boost)  
  20  1:27  Cybernetics Core  
  20  1:32  Probe (Chrono Boost), Pylon  
  21  1:48  Probe (Chrono Boost)  
  22  1:59  Probe (Chrono Boost)  
  23  2:04  Stalker  
  25  2:09  Probe (Chrono Boost)  
  25  2:11  Stargate  
  25  2:13  Pylon  
  26  2:20  Probe (Chrono Boost)  
  27  2:23  Warp Gate (Chrono Boost)  
  27  2:29  Gateway  
  27  2:33  Mothership Core (Chrono Boost)  
  29  2:55  Oracle (Chrono Boost)  
  32  3:05  Stalker  
  34  3:10  Pylon  
  33  3:17  Stalker  
  35  3:22  Pylon  
  33  3:43  Mothership Core (Chrono Boost)  
Show
View Real Time Build Order
Export as new Build Order

BulotAtomik Terran 

Build Orders:  

Get SALT Encoding   

  12  0:00  SCV  
  13  0:12  SCV  
  14  0:21  Supply Depot  
  14  0:24  SCV  
  15  0:42  SCV  
  16  0:54  SCV  
  17  0:59  Barracks  
  17  1:06  SCV  
  18  1:13  Barracks  
  18  1:15  Barracks  
  18  1:20  SCV  
  19  1:35  SCV  
  20  1:42  Supply Depot  
  19  1:47  SCV  
  20  2:01  Barracks  
  20  2:02  Marine x2  
  22  2:11  Marine  
  23  2:30  Marine x2  
  23  2:31  Supply Depot  
  25  2:41  Marine  
  26  2:48  Marine x2  
  28  2:58  Marine  
  28  3:00  Marine  
  30  3:05  Marine x2  
  32  3:16  Marine  
  32  3:18  Marine  
  32  3:19  Bunker  
  34  3:23  Marine  
  35  3:27  Marine  
  36  3:34  Marine  
  36  3:35  Bunker  
  36  3:36  Marine  
  36  3:42  Marine  
  36  3:45  Marine  
  34  3:52  Marine  
  34  3:54  Marine  
  36  3:57  Bunker  
  36  3:59  Marine  
Tags
 
Add a new tag
Caveats
  • Supply blocks, unpowered buildings, or Contaminate may cause inaccurate times.
  • Supply counts are checked every 10 seconds.